 Dungeon Crawl Stone Soup version 0.23-a0-32-g1388f29e54 (webtiles) character file.

3404 Htamos the Cleaver (level 9, -7/74 HPs)
             Began as a Mummy Fighter on Aug 4, 2018.
             Was a Priest of Okawaru.
             Mangled by a two-headed ogre
             ... wielding a +0 great mace
              (10 damage)
             ... on level 8 of the Dungeon.
             The game lasted 00:13:45 (7347 turns).

Htamos the Cleaver (Mummy Fighter)                  Turns: 7347, Time: 00:13:46

Health: -7/74      AC: 19    Str: 26    XL:     9   Next: 75%
Magic:  9/9        EV:  5    Int:  7    God:    Okawaru [***...]
Gold:   315        SH: 10    Dex: 11    Spells: 8/8 levels left

rFire    x . .     SeeInvis +   a - +2 war axe
rCold    + . .     Gourm    .   c - +0 shield
rNeg     + + +     Faith    .   p - +3 plate armour
rPois    ∞         Spirit   .   t - +0 helmet
rElec    .         Reflect  .   (no cloak)
rCorr    .         Harm     .   g - +2 pair of gloves {Str+3}
MR       +....                  (no boots)
Stlth    ..........             (no amulet)
HPRegen  0.22/turn              r - ring of poison resistance
MPRegen  0.11/turn              k - ring of see invisible

@: no status effects
A: no food or potions, fire vulnerability, cold resistance 1, negative energy
resistance 3, torment resistance, unbreathing
a: Heroism, Renounce Religion


You were on level 8 of the Dungeon.
You worshipped Okawaru.
Okawaru was most pleased with you.
You were not hungry.

You visited 2 branches of the dungeon, and saw 9 of its levels.
You also visited: Sewer.

You collected 315 gold pieces.

Inventory:

Hand Weapons
 a - a +2 war axe (weapon)
 i - a +0 short sword of freezing
 m - a +0 mace of protection
Armour
 b - a +0 scale mail
 c - a +0 shield (worn)
 g - a +2 pair of gloves of strength (worn)
 l - a +0 chain mail
 p - a +3 plate armour (worn)
 t - a +0 helmet (worn)
Jewellery
 f - an uncursed ring of flight
 k - a ring of see invisible (right hand)
 r - a ring of poison resistance (left hand)
Wands
 s - a wand of flame (31)
Scrolls
 d - 4 scrolls of remove curse
 e - a scroll of fear {unknown}
 j - 3 scrolls of fog {unknown}
 o - 3 scrolls of identify
 q - 3 scrolls of teleportation


   Skills:
 + Level 7.8 Fighting
 * Level 8.7 Axes
 + Level 4.3 Armour
 + Level 4.3 Shields


You had 8 spell levels left.
You didn't know any spells.
Your spell library contained the following spells:

 Spells                   Type           Power        Failure   Level  Hunger
 Summon Small Mammal      Summ           #...         100%        1    N/A
 Summon Ice Beast         Ice/Summ       #.......     100%        4    N/A
 Call Imp                 Summ           #.......     100%        2    N/A
 Call Canine Familiar     Summ           #.......     100%        3    N/A
 Summon Lightning Spire   Summ/Air       #.......     100%        4    N/A
 Summon Guardian Golem    Hex/Summ       #.......     100%        3    N/A

Dungeon Overview and Level Annotations

Branches:
Dungeon (8/15)             Temple (1/1) D:5
   Lair: D:8-11

Altars:
Cheibriados
Elyvilon
Hepliaklqana
Makhleb
Okawaru
Qazlal
Ru
Trog
Vehumet
Wu Jian
Xom
Yredelemnul
Zin
The Shining One

Annotations:
D:2 1 runed door


Innate Abilities, Weirdness & Mutations

You do not eat or drink.
Your flesh is vulnerable to fire.
You are immune to poison.
Your flesh is cold resistant. (rC+)
You are immune to negative energy. (rN+++)
You are immune to unholy pain and torment.
You can survive without breathing.


Message History

You slash the two-headed ogre!
The two-headed ogre is severely wounded.
The two-headed ogre hits you with a great mace!
* * * LOW HITPOINT WARNING * * *
The two-headed ogre hits you with a giant spiked club.
* * * LOW HITPOINT WARNING * * *
You barely miss the two-headed ogre.
The two-headed ogre is severely wounded.
The two-headed ogre hits you but does no damage.
You block the two-headed ogre's attack.
You completely miss the two-headed ogre.
The two-headed ogre is severely wounded.
You block the two-headed ogre's attack.
The two-headed ogre hits you with a giant spiked club!
* * * LOW HITPOINT WARNING * * *
You hit the two-headed ogre.
The two-headed ogre is severely wounded.
You block the two-headed ogre's attack.
The two-headed ogre hits you with a giant spiked club!
You die...

### ## ..# .#
###.# .. ..#.# .#
#.#.# .# #.#.# .#
#######.#.##O####
...........@....#
#######.#######.#
#...# #.#.....#
#.#.# #.#.###.#
#.#.###)#.###.#
#.#...).......#
#....##.#.#####
.#.###....#.....#
..........#.....#


You could see a two-headed ogre.

Vanquished Creatures
  Harold (D:7)
  An ice beast (D:5)
  A sky beast (D:7)
  A black bear (D:6)
  6 phantoms
  An ogre (D:4)
  2 centaurs
  4 big kobolds
  2 bullfrogs
  3 scorpions
  3 wights (D:5)
  A howler monkey (D:6)
  3 crimson imps
  3 jellies
  3 orc priests
  4 hounds
  5 orc wizards
  2 iguanas (D:4)
  A worker ant (D:4)
  A hound zombie (D:5)
  6 gnolls
  10 adders
  3 river rats
  2 shadow imps
  An ooze (D:1)
  An adder skeleton (D:4)
  A worm (D:3)
  2 leopard geckos
  27 orcs
  3 ball pythons
  5 bats
  2 giant cockroaches
  2 goblins (D:2)
  7 hobgoblins
  14 jackals
  4 quokkas
  5 frilled lizards
  32 kobolds
  A leopard gecko zombie (D:6)
  A quokka zombie (D:7)
  9 rats
186 creatures vanquished.

Notes
Turn   | Place    | Note
-------+----------+-------------------------------------------
     0 | D:1      | Htamos the Mummy Fighter began the quest for the Orb.
     0 | D:1      | Reached XP level 1. HP: 18/18 MP: 1/1
   335 | D:1      | Reached skill level 2 in Axes
   521 | D:1      | Reached XP level 2. HP: 23/24 MP: 2/2
   880 | D:2      | Reached XP level 3. HP: 18/29 MP: 3/3
  1383 | D:2      | Reached skill level 3 in Axes
  1719 | D:2      | Reached XP level 4. HP: 34/37 MP: 4/4
  1984 | D:2      | Found a runed door.
  2070 | D:3      | Found a bloodstained altar of Trog.
  2152 | D:3      | Found a glowing drain.
  2160 | Sewer    | Entered a sewer
  2371 | Sewer    | Noticed a big kobold
  2380 | Sewer    | Killed a big kobold
  2380 | Sewer    | Reached skill level 4 in Axes
  2380 | Sewer    | Reached XP level 5. HP: 40/42 MP: 5/5
  2391 | Sewer    | Found a white marble altar of Elyvilon.
  2667 | D:3      | Reached XP level 6. HP: 49/49 MP: 6/6
  3331 | D:4      | Reached skill level 5 in Fighting
  3331 | D:4      | Reached skill level 5 in Axes
  3513 | D:4      | Reached XP level 7. HP: 49/56 MP: 7/7
  3692 | D:4      | Found a basalt altar of Yredelemnul.
  4068 | D:4      | Reached skill level 6 in Axes
  4161 | D:5      | Entered Level 5 of the Dungeon
  4361 | D:5      | Found a staircase to the Ecumenical Temple.
  4370 | Temple   | Entered the Ecumenical Temple
  4400 | Temple   | Became a worshipper of Warmaster Okawaru
  4654 | D:5      | Found a glowing silver altar of Zin.
  5007 | D:5      | Reached XP level 8. HP: 64/64 MP: 8/8
  5055 | D:5      | Found a hazy altar of Hepliaklqana.
  5305 | D:6      | Reached skill level 7 in Axes
  5463 | D:6      | Reached * piety under Okawaru
  5646 | D:6      | Found a sacrificial altar of Ru.
  5725 | D:6      | Found a stormy altar of Qazlal.
  5859 | D:6      | Found a glowing golden altar of the Shining One.
  5860 | D:6      | Found a white marble altar of Elyvilon.
  6434 | D:7      | Reached XP level 9. HP: 72/72 MP: 9/9
  6446 | D:7      | Noticed Harold
  6460 | D:7      | Killed Harold
  6460 | D:7      | Reached ** piety under Okawaru
  6460 | D:7      | Reached skill level 8 in Axes
  6668 | D:7      | Found a radiant altar of Vehumet.
  6978 | D:7      | Reached *** piety under Okawaru
  7337 | D:8      | Noticed a two-headed ogre
  7346 | D:8      | HP: 3/74 [two-headed ogre/great mace (15)]
  7347 | D:8      | Mangled by a two-headed ogre

Vault maps used:
D:1:      saegor_arrival_simple_e
D:2:      minmay_ruptured, uniq_crazy_yiuf_cottage
D:3:      bloody_trog, first_ration, lightli_sewer_entry_pipes
D:4:      lemuel_round_altar, kennysheep_generic_room_8
D:5:      marbit_many_paths, zin_scriptorium, temple_hall
D:6:      nicolae_ru_awakened_eye, minitemple, hex_intersection,
          minmay_misc_feat_x
D:7:      lemuel_crystal_altar, hangedman_abyss_or_decor_stabs, uniq_harold
D:8:      cheibrodos_wizards_tower, lair_entry_dummy
Temple:   oiseaux_autumnal_temple
Sewer:    sewer_kobolds

Skill      XL: |  1  2  3  4  5  6  7  8  9 |
---------------+----------------------------+-----
Axes           | 2 3 4 5 6 7 8 |  8.7
Fighting       | 4 5 6 7 |  7.8
Armour         | 3 4 |  4.3
Shields        | 3 4 |  4.3

Action                   |  1- 3 |  4- 6 |  7- 9 || total
-------------------------+-------+-------+-------++-------
Melee: War axe           |   110 |   184 |   394 ||   688
Invok: Heroism           |       |       |     1 ||     1
  Use: Scroll            |     3 |     3 |    11 ||    17
Armor: Scale mail        |    57 |    49 |       ||   106
       Chain mail        |       |    33 |     6 ||    39
       Plate armour      |       |       |   202 ||   202
Dodge: Dodged            |    37 |    41 |    65 ||   143
Block: Shield            |    41 |   108 |   190 ||   339

Table legend:
 A = Spawn XP
 B = Non-spawn XP
 C = Spawn XP percentage of total XP
 D = Spawn monster count
 E = Non-spawn monster count
 F = Spawn count percentage of total count
 G = Total turns spent on level
                    A         B        C        D         E        F      G
               +---------+---------+-------+---------+---------+-------+---------
         Total |       0 |    4863 |   0.0 |       0 |     186 |   0.0 |  7347
               +---------+---------+-------+---------+---------+-------+---------
           D:1 |       0 |      27 |   0.0 |       0 |      13 |   0.0 |   828
           D:2 |       0 |      79 |   0.0 |       0 |      28 |   0.0 |  1249
           D:3 |       0 |     256 |   0.0 |       0 |      31 |   0.0 |  1051
           D:4 |       0 |     670 |   0.0 |       0 |      18 |   0.0 |   762
           D:5 |       0 |     483 |   0.0 |       0 |      17 |   0.0 |   975
           D:6 |       0 |     960 |   0.0 |       0 |      20 |   0.0 |  1093
           D:7 |       0 |    2041 |   0.0 |       0 |      43 |   0.0 |   821
           D:8 |       0 |     228 |   0.0 |       0 |      10 |   0.0 |   243
         Sewer |       0 |     119 |   0.0 |       0 |       6 |   0.0 |   271
               +---------+---------+-------+---------+---------+-------+---------
